 Dungeon Crawl Stone Soup version 0.29-a0-732-g3d7fbe0af2 (webtiles) character file.

Game seed: 4678258992408723265

158 gobodom the Conjurer (level 5, -5/25 HPs)
             Began as a Vine Stalker Conjurer on June 30, 2022.
             Slain by a wyvern (10 damage)
             ... on level 4 of the Dungeon.
             The game lasted 00:08:30 (3299 turns).

gobodom the Conjurer (Vine Stalker Conjurer)        Turns: 3299, Time: 00:08:30

Health: -5/25      AC:  6    Str: 11    XL:     5   Next: 40%
Magic:  0/9        EV: 12    Int: 21    God:
Gold:   208        SH:  0    Dex: 16    Spells: 7/8 levels left

rFire   + . .      SeeInvis .   e - +0 hand axe (freeze)
rCold   . . .      Faith    .   (no shield)
rNeg    . . .      Spirit   +   a - +0 robe
rPois   .          Reflect  .   (no helmet)
rElec   .          Harm     .   (no cloak)
rCorr   +          Rampage  .   (no gloves)
Will    .....                   (no boots)
Stlth   +++.......              (no amulet)
HPRegen 0.88/turn               k - +4 ring of protection
MPRegen 0.11/turn               n - ring "Sifailoh" {rF+ rCorr Int+3 Dex+3}

@: weak-willed
A: fangs 2, regeneration 1, magic shield, antimagic bite, no potion heal 2
a: no special abilities


You were on level 4 of the Dungeon.
You visited 1 branch of the dungeon, and saw 4 of its levels.

You collected 208 gold pieces.

Inventory:

Hand Weapons
 e - a +0 hand axe of freezing (weapon)
Missiles
 g - 5 boomerangs
Armour
 a - a +0 robe (worn)
Jewellery
 k - a +4 ring of protection (left hand)
 n - the ring "Sifailoh" (right hand) {rF+ rCorr Int+3 Dex+3}
   (You found it on level 2 of the Dungeon)

   [ring of protection from fire]

   Int:       It affects your intelligence (+3).
   Dex:       It affects your dexterity (+3).
   rF:        It protects you from fire.
   rCorr:     It protects you from acid and corrosion.
 q - a ring of flight
 s - a ring of resist corrosion
Wands
 r - a wand of iceblast (6)
Scrolls
 i - a scroll of noise {unknown}
 j - a scroll of vulnerability
 o - a scroll of immolation {unknown}
 p - a scroll of teleportation {unknown}
Potions
 b - a potion of magic
 c - a potion of cancellation {unknown}
 d - a potion of haste {unknown}
 f - a potion of might {unknown}
 h - a potion of flight {unknown}
 l - 2 potions of brilliance {unknown}
 m - a potion of curing {unknown}


   Skills:
 + Level 1.2 Fighting
 + Level 2.1 Axes
 + Level 2.1 Dodging
 + Level 3.7 Stealth
 + Level 2.4 Spellcasting
 + Level 4.7 Conjurations


You had 7 spell levels left.
You knew the following spells:

 Your Spells              Type           Power      Damage    Failure   Level
a - Magic Dart            Conj           88%        1d7       1%          1

Your spell library contained the following spells:

 Spells                   Type           Power      Damage    Failure   Level
 Searing Ray              Conj           44%        2d6       3%          2
 Shock                    Conj/Air       48%        1d6       5%          1
 Beastly Appendage        Tmut           4%         N/A       14%         1
 Dazzling Flash           Conj/Hex       24%        N/A       16%         3
 Wereblood                Tmut           2%         N/A       22%         2
 Spider Form              Tmut/Pois      2%         N/A       38%         3
 Swiftness                Air            2%         N/A       38%         3
 Fulminant Prism          Conj/Hex       6%         3d7       47%         4
 Iskenderun's Mystic Bla  Conj/Tloc      12%        2d5       47%         4
 Airstrike                Air            1%         N/A       80%         4


Dungeon Overview and Level Annotations

Branches:
Dungeon (4/15)
 Temple: D:4-7

Altars:
Makhleb

Shops:
D:3 *


Innate Abilities, Weirdness & Mutations

You have extremely sharp teeth.
Your natural rate of healing is unusually fast.
When hurt, damage is shared between your health and your magic reserves.
Your bite disrupts and absorbs the magic of your enemies.
Potions cannot restore your health.


Message History

You barely miss the adder. You bite the adder. You drain its power.
You feel invigorated.
The adder is moderately wounded.
You feel sick. The adder closely misses you.
The adder bites you but does no damage.
You closely miss the adder. You bite the adder. You drain its power.
The adder is severely wounded.
You feel sick.
The adder is no longer moving slowly.
The adder bites you.
You closely miss the adder. Your punch misses the adder.
The adder is severely wounded.
You feel sick.
You are no longer poisoned.
The adder closely misses you.
You hit the adder but do no damage. Your bite misses the adder.
The adder is severely wounded.
The adder closely misses you. The adder misses you.
You hit the adder. You freeze the adder.
You kill the adder!
Things that are here:
a +0 whip; 2 stones; a kobold corpse HP restored.
A wyvern comes into view.
The wyvern moves out of view.
The wyvern hisses angrily.
The magic dart hits the wyvern!
The wyvern is moderately wounded.
The magic dart hits the wyvern but does no damage.
The wyvern is moderately wounded.
The wyvern bites you!
You hit the wyvern but do no damage. Your bite misses the wyvern.
The wyvern is moderately wounded.
The wyvern barely misses you. The wyvern bites you.
You hit the wyvern but do no damage.
The wyvern is moderately wounded.
The wyvern bites you!
* * * LOW HITPOINT WARNING * * *
As you read the scroll labelled VELOSCHI CAPLAI, it crumbles to dust.
Magic quickly surges around you.
It was a scroll of vulnerability.
The wyvern bites you!
You die...

#.......#
####..#.#
#..#.#
#....#
#....#
#....#
##.#.#
#.#.#
#@#.# #l#
... ..#..
#.. ..#
... #.#
.#.# .#
#.#. .#


You could see a wyvern (weak-willed).

Vanquished Creatures
  A jelly (D:1)
  An iguana (D:4)
  3 adders
  2 worms
  A dart slug (D:1)
  15 endoplasms
  4 giant cockroaches (D:1)
  5 goblins
  3 hobgoblins
  5 jackals (D:1)
  6 kobolds
  3 quokkas
  A bat (D:1)
  2 frilled lizards
  6 rats
58 creatures vanquished.

Notes
Turn   | Place    | Note
-------+----------+-------------------------------------------
     0 | D:1      | gobodom the Vine Stalker Conjurer began the quest for the
                  | Orb.
     0 | D:1      | Reached XP level 1. HP: 9/9 MP: 4/4
     2 | D:1      | Found a runed translucent door.
     9 | D:1      | Noticed a jelly
   700 | D:1      | Reached XP level 2. HP: 13/13 MP: 6/6
  1615 | D:1      | Reached XP level 3. HP: 17/17 MP: 7/7
  1686 | D:1      | Found a faded altar of an unknown god.
  1746 | D:1      | Reached skill level 1 in Axes
  1746 | D:1      | Gained mutation: Your natural rate of healing is unusually
                  | fast. [Vine Stalker growth]
  1746 | D:1      | Reached XP level 4. HP: 12/21 MP: 5/8
  1759 | D:1      | Reached skill level 1 in Fighting
  2132 | D:2      | Identified the ring "Sifailoh" {rF+ rCorr Int+3 Dex+3}
  2260 | D:2      | Found a burning altar of Makhleb.
  2423 | D:3      | Found a burning altar of Makhleb.
  2854 | D:3      | Found Fibiuffu's General Store.
  2962 | D:3      | Reached XP level 5. HP: 25/25 MP: 1/9
  3292 | D:4      | Noticed a wyvern
  3299 | D:4      | Slain by a wyvern

Illustrated notes

Levels and vault maps discovered:
D:1:      dpeg_arrival_caged_fury, layout_loops_ring,
          shapermc_ecumenical_altar_pompeii, minmay_unequal
D:2:      layout_loops_ring, basic_altar
D:3:      layout_basic, bloody_makhleb, serial_shops, nicolae_shop_stone,
          chequers_serial_rivers_large_a
D:4:      layout_loops_ring, grunt_dithmenos_smoke_and_mirrors,
          sigmund_edmund_badplayer, uniq_crazy_yiuf_cottage

Skill      XL: |  1  2  3  4  5 |
---------------+----------------+-----
Axes           | 1 2 |  2.1
Stealth        | 3 |  3.7
Dodging        | 2 |  2.1
Fighting       | 1 |  1.2
Spellcasting   | |  2.4
Conjurations   | |  4.7

Action                   |  1- 3 |  4- 6 || total
-------------------------+-------+-------++-------
Melee: Hand axe          |    72 |    73 ||   145
       Bite              |    19 |    19 ||    38
       Punch             |       |     1 ||     1
 Cast: Magic Dart        |       |    30 ||    30
  Use: Scroll            |       |     1 ||     1
 Stab: Sleeping          |     4 |     5 ||     9
Armor: Robe              |    16 |    18 ||    34
Dodge: Dodged            |    46 |    52 ||    98

Table legend: (Time is in decaauts)
 A = Elapsed time spent in this place.
 B = Non-inter-level travel time spent in this place.
 C = Inter-level travel time spent in this place.
 D = Time resting spent in this place.
 E = Time spent auto-exploring this place.
 F = Levels seen in this place.
 G = Mean time per level.
                   A        B        C        D        E       F      G
               +--------+--------+--------+--------+--------+-----+--------+
         Total |   3349 |   3306 |     43 |     63 |   2662 |   4 |  837.2 |
       Dungeon |   3349 |   3306 |     43 |     63 |   2662 |   4 |  837.2 |
               +--------+--------+--------+--------+--------+-----+--------+

Top non-repeatable levels by time:
     D:1: 1811 daAuts
     D:3: 769 daAuts
     D:2: 637 daAuts
     D:4: 131 daAuts
